 Dungeon Crawl Stone Soup version 0.24.0-123-gd5b16e6ec5 (webtiles) character file.

Game seed: 4856821238878549434, levelgen mode: deterministic

16856 Peloso the Carver (level 12, -5/106 HPs)
             Began as a Minotaur Fighter on Dec 23, 2019.
             Was a High Priest of Okawaru.
             Slain by a death yak (16 damage)
             ... in an ice cave.
             The game lasted 00:38:32 (12072 turns).

Peloso the Carver (Minotaur Fighter)               Turns: 12072, Time: 00:38:33

Health: -5/106     AC: 17    Str: 24    XL:     12   Next: 13%
Magic:  11/11      EV: 10    Int: 10    God:    Okawaru [*****.]
Gold:   157        SH: 14    Dex: 12    Spells: 11/11 levels left

rFire    . . .     SeeInvis +   a - +1 falchion (venom)
rCold    + + +     Gourm    .   c - +1 shield
rNeg     . . .     Faith    .   x - +0 chain mail
rPois    .         Spirit   .   m - +0 hat of Bedevilment {rC+ MR+}
rElec    .         Reflect  .   y - +0 cloak of the Will of the Gods {-Cast rC++ Int+2 Stlth+}
rCorr    .         Harm     .   h - +2 pair of gloves
MR       +....     NoCast   +   (no boots)
Stlth    ..........             (no amulet)
HPRegen  0.27/turn              w - ring of see invisible
MPRegen  0.12/turn              q - +3 ring of intelligence

@: hasted, very quick
A: retaliatory headbutt, horns 2
a: Heroism, Finesse, Renounce Religion


You were in an ice cave.
You worshipped Okawaru.
Okawaru was extremely pleased with you.
You were not hungry.

You visited 2 branches of the dungeon, and saw 12 of its levels.
You also visited: Ice Cave.

You collected 689 gold pieces.
You spent 532 gold pieces at shops.

Inventory:

Hand Weapons
 a - a +1 falchion of venom (weapon)
 b - a +2 dagger of flaming
 H - the +8 dagger "Hydra's Undoing" {holy, rF++ Int-5, unknown}
   (You found it in an ice cave)

   It has been blessed by the Shining One to cause great damage to the undead
   and demons.
   It affects your intelligence (-5).
   It greatly protects you from fire.
Armour
 c - a +1 shield (worn)
 h - a +2 pair of gloves (worn)
 m - the +0 hat of Bedevilment (worn) {rC+ MR+}
   (Okawaru gifted it to you on level 11 of the Dungeon)

   It protects you from cold.
   It affects your resistance to hostile enchantments.
 x - a +0 chain mail (worn)
 y - the +0 cloak of the Will of the Gods (worn) {-Cast rC++ Int+2 Stlth+}
   (You bought it in a shop on level 4 of the Dungeon)

   It affects your intelligence (+2).
   It greatly protects you from cold.
   It prevents spellcasting.
   It makes you more stealthy.
Jewellery
 j - an uncursed ring of protection from cold
 q - a +3 ring of intelligence (right hand)
 w - a ring of see invisible (left hand)
 B - an uncursed ring of protection from cold
 F - an uncursed ring of protection from cold
 G - an uncursed ring of ice
Wands
 p - a wand of clouds (3)
 r - a wand of flame (6)
 E - a wand of disintegration (13)
 I - a wand of scattershot (5)
Scrolls
 e - 2 scrolls of identify
 g - 7 scrolls of enchant armour
 l - 3 scrolls of remove curse
 s - a scroll of fog
 u - 6 scrolls of teleportation
 z - 3 scrolls of amnesia
 D - a scroll of blinking
Potions
 d - a potion of might
 i - 2 potions of invisibility
 k - 2 potions of curing
 n - 2 potions of agility
 o - a potion of haste
 t - 4 potions of flight
 v - 3 potions of brilliance
 A - 2 potions of mutation
 C - 3 potions of heal wounds {unknown}
Comestibles
 f - 19 rations
 J - 4 chunks of flesh


   Skills:
 + Level 10.1 Fighting
 + Level 13.3 Long Blades
 + Level 11.4 Armour
 + Level 5.6 Dodging
 + Level 2.2 Stealth
 + Level 11.6 Shields
 + Level 0.6 Invocations
 + Level 0.3 Evocations


You had 11 spell levels left.
You didn't know any spells.
Your spell library contained the following spells:

 Spells                   Type           Power        Failure   Level  Hunger
 Flame Tongue             Conj/Fire      #....        96%         1    ##.....
 Infusion                 Chrm           #...         96%         1    ##.....
 Magic Dart               Conj           #...         96%         1    ##.....
 Summon Small Mammal      Summ           #...         96%         1    ##.....
 Blink                    Tloc           N/A          99%         2    ###....
 Call Imp                 Summ           #.......     99%         2    ###....
 Passwall                 Tmut/Erth      #.......     99%         2    ###....
 Poisonous Vapours        Pois/Air       #.....       99%         2    ###....
 Slow                     Hex            #.......     99%         2    ###....
 Swiftness                Chrm/Air       #.......     99%         2    ###....
 Throw Flame              Conj/Fire      #.....       99%         2    ###....
 Call Canine Familiar     Summ           #.......     100%        3    ####...
 Conjure Flame            Conj/Fire      #.......     100%        3    ####...
 Inner Flame              Hex/Fire       #.......     100%        3    ####...
 Mephitic Cloud           Conj/Pois/Air  #.......     100%        3    ####...
 Ozocubu's Armour         Chrm/Ice       #.......     100%        3    ####...
 Summon Guardian Golem    Hex/Summ       #.......     100%        3    ####...
 Passage of Golubria      Tloc           N/A          100%        4    #####..
 Sticky Flame             Conj/Fire      #.......     100%        4    #####..
 Summon Ice Beast         Ice/Summ       #.......     100%        4    #####..
 Summon Lightning Spire   Summ/Air       #.......     100%        4    #####..
 Fireball                 Conj/Fire      #.........   100%        5    ######.
 Lee's Rapid Deconstruct  Erth           #.........   100%        5    ######.
 Darkness                 Hex            #.........   100%        6    #######
 Freezing Cloud           Conj/Ice/Air   #.........   100%        6    #######
 Invisibility             Hex            #.......     100%        6    #######
 Ring of Flames           Chrm/Fire      #.........   100%        7    #######
 Dragon's Call            Summ           #.........   100%        9    #######


Dungeon Overview and Level Annotations

Branches:
Dungeon (11/15)            Temple (0/1) D:6            Lair (1/6) D:10
  IceCv (1/1)
    Orc: D:9-12

Altars:
Ashenzari
Elyvilon
Fedhas
Gozag
Hepliaklqana
Okawaru
Sif Muna
Trog
Vehumet
Wu Jian
Yredelemnul
Zin

Shops:
D:4 [   D:11 *

Annotations:
D:6 1 runed translucent door
D:10 4 runed translucent doors


Innate Abilities, Weirdness & Mutations

You reflexively headbutt those who attack you in melee.
You have a pair of horns on your head.


Message History

The death yak gores you!
You slash the death yak!
You kill the death yak!
Okawaru is honoured by your kill.
You slash the death yak!
The death yak is poisoned.
The death yak is lightly wounded.
The death yak gores you!
* * * LOW HITPOINT WARNING * * *
You hit the death yak but do no damage.
The death yak looks as sick as possible!
The death yak is lightly wounded.
You hit the death yak.
The death yak looks as sick as possible!
You headbutt the death yak, but do no damage.
The death yak is moderately wounded.
The death yak gores you!!
* * * LOW HITPOINT WARNING * * *
You feel better. You block the death yak's attack.
You feel yourself speed up. The death yak gores you!
You die...

##..###.#∩#
#...####### ###
##..## ##.## ##.##
##..###...#
###...## ##......##
#.#.#..#
#....#.☼###...##..#
##.####○#..#.##
.#.Y.
########.#.#Y## #.
...# ##.##○##..#
#@## #. ..#
##|##○○☼☼.## #..#
.# ..
#.#.°☼○☼☼##.##.## #
. #..#..#### #.#.#
#.##.## ###...#
#.#### #.#..## ##.#
##...## #.## #...##
#..## ##÷###


You could see a death yak.

Vanquished Creatures
  3 two-headed ogres
  A death yak (IceCv)
  An unseen horror (D:11)
  An ice statue (IceCv)
  A merfolk (D:10)
  4 trolls
  4 polar bears (IceCv)
  2 hornets
  3 hippogriffs
  A shadow (D:11)
  Sigmund (D:6)
  A vampire (D:10)
  2 wraiths (D:11)
  17 yaks
  A hungry ghost (D:11)
  Grum (D:8)
  3 orc warriors
  A black bear (D:10)
  4 sky beasts
  9 ice beasts
  A necrophage (D:9)
  3 phantoms
  8 centaurs
  3 ogres
  12 wolves
  3 big kobolds
  Blork the orc (D:6)
  6 bullfrogs
  A water moccasin skeleton (D:5)
  A wyvern skeleton (D:9)
  2 scorpions (D:8)
  8 wights
  6 howler monkeys
  4 crimson imps
  A centaur zombie (D:7)
  A bullfrog zombie (D:11)
  3 jellies (D:5)
  9 hounds
  2 bullfrog skeletons
  12 orc wizards
  3 orc priests
  4 centaur skeletons
  6 worker ants
  2 hound zombies (D:5)
  4 gnolls (D:7)
  4 worker ant zombies
  12 adders
  A shadow imp (D:5)
  An ooze (D:1)
  An adder skeleton (D:8)
  2 worms (D:2)
  5 dart slugs
  7 leopard geckos
  31 orcs
  8 bats
  4 giant cockroaches
  4 goblins
  8 hobgoblins
  12 jackals
  7 quokkas
  4 ball pythons
  2 frilled lizards (D:1)
  A jackal skeleton (D:7)
  24 kobolds
  2 leopard gecko skeletons
  A quokka zombie (D:5)
  11 rats
319 creatures vanquished.

Vanquished Creatures (others)
  A wolf (IceCv)
1 creature vanquished.

Grand Total: 320 creatures vanquished

Notes
Turn   | Place    | Note
-------+----------+-------------------------------------------
     0 | D:1      | Peloso the Minotaur Fighter began the quest for the Orb.
     0 | D:1      | Reached XP level 1. HP: 19/19 MP: 0/0
   128 | D:1      | Reached XP level 2. HP: 24/27 MP: 1/1
   135 | D:1      | Reached skill level 3 in Long Blades
   323 | D:1      | Reached XP level 3. HP: 26/33 MP: 2/2
   629 | D:2      | Found a faded altar of an unknown god.
   757 | D:2      | Found a white marble altar of Elyvilon.
   773 | D:2      | Reached XP level 4. HP: 40/40 MP: 3/3
   775 | D:2      | Reached skill level 1 in Dodging
   864 | D:2      | Reached skill level 4 in Long Blades
  1389 | D:2      | Found an iron altar of Okawaru.
  1396 | D:2      | Became a worshipper of Warmaster Okawaru
  1508 | D:3      | Found a basalt altar of Yredelemnul.
  1524 | D:3      | Found a radiant altar of Vehumet.
  1540 | D:3      | Reached XP level 5. HP: 41/46 MP: 4/4
  2611 | D:4      | Found Uplegit's Antique Armour Shoppe.
  2712 | D:4      | Reached skill level 5 in Long Blades
  2885 | D:4      | Found a glowing silver altar of Zin.
  2890 | D:4      | Noticed an ogre
  2908 | D:4      | Killed an ogre
  2908 | D:4      | Reached * piety under Okawaru
  2908 | D:4      | Reached skill level 5 in Armour
  2908 | D:4      | Reached XP level 6. HP: 53/53 MP: 5/5
  3157 | D:5      | Entered Level 5 of the Dungeon
  3209 | D:5      | Reached skill level 5 in Fighting
  3299 | D:5      | Reached skill level 1 in Stealth
  3381 | D:5      | Reached XP level 7. HP: 61/61 MP: 6/6
  3389 | D:5      | Reached skill level 5 in Shields
  3534 | D:5      | Found a shimmering blue altar of Sif Muna.
  3740 | D:5      | Reached skill level 6 in Long Blades
  4157 | D:6      | Found a runed translucent door.
  4170 | D:6      | Found a glowing silver altar of Zin.
  4170 | D:6      | Noticed an angel
  4187 | D:6      | Noticed Blork the orc
  4196 | D:6      | Reached ** piety under Okawaru
  4501 | D:6      | Killed Blork the orc
  4602 | D:6      | Reached XP level 8. HP: 42/69 MP: 7/7
  4611 | D:6      | Reached skill level 7 in Long Blades
  4900 | D:6      | Noticed Sigmund
  4903 | D:6      | Found a staircase to the Ecumenical Temple.
  4905 | D:6      | Killed Sigmund
  5108 | D:6      | Found a blossoming altar of Fedhas.
  5291 | D:7      | Reached *** piety under Okawaru
  5797 | D:7      | Reached skill level 8 in Long Blades
  5797 | D:7      | Reached XP level 9. HP: 74/78 MP: 8/8
  5929 | D:4      | Bought a bloodstained cloak for 266 gold pieces
  5936 | D:4      | Identified the +0 cloak of the Will of the Gods {-Cast rC++
                  | Int+2 Stlth+} (You bought it in a shop on level 4 of the
                  | Dungeon)
  6126 | D:8      | Found a bloodstained altar of Trog.
  6337 | D:8      | Found an ornate altar of the Wu Jian Council.
  6471 | D:8      | Noticed a two-headed ogre
  6482 | D:8      | Killed a two-headed ogre
  6482 | D:8      | Reached **** piety under Okawaru
  6482 | D:8      | Reached skill level 9 in Long Blades
  6593 | D:8      | Noticed Grum
  6608 | D:8      | Killed Grum
  6834 | D:8      | Found an opulent altar of Gozag.
  7073 | D:8      | Reached skill level 10 in Long Blades
  7078 | D:8      | Reached XP level 10. HP: 60/88 MP: 9/9
  7452 | D:9      | Noticed a two-headed ogre
  7471 | D:9      | Killed a two-headed ogre
  7471 | D:9      | Reached ***** piety under Okawaru
  7471 | D:9      | Reached skill level 11 in Long Blades
  7822 | D:9      | You fall into a shaft and drop 2 floors!
  7836 | D:11     | Found a basalt altar of Yredelemnul.
  7858 | D:11     | Reached skill level 10 in Armour
  7872 | D:11     | Received a gift from Okawaru
  8051 | D:11     | Paralysed by a hornet for 2 turns
  8431 | D:11     | Noticed a two-headed ogre
  8446 | D:11     | Killed a two-headed ogre
  8537 | D:11     | Reached XP level 11. HP: 81/95 MP: 7/10
  8557 | D:11     | Reached skill level 5 in Dodging
  8734 | D:11     | Reached skill level 10 in Shields
  8880 | D:11     | Found Udoatearor's Changing Room.
  9206 | D:11     | Noticed an unseen horror
  9215 | D:11     | Killed an unseen horror
  9215 | D:11     | Received a gift from Okawaru
  9215 | D:11     | Reached skill level 12 in Long Blades
  9218 | D:11     | Got a transparent hat {god gift}
  9224 | D:11     | Identified the +0 hat of Bedevilment {rC+ MR+} (Okawaru
                  | gifted it to you on level 11 of the Dungeon)
  9371 | D:10     | Entered Level 10 of the Dungeon
  9498 | D:10     | Found a large runed translucent door.
  9500 | D:10     | Found a large runed translucent door.
  9507 | D:10     | Found a large runed translucent door.
  9507 | D:10     | Found a large runed translucent door.
  9609 | D:10     | Identified Akaptetoho's Tome of the Escort and Talismans
  9840 | D:10     | Found a staircase to the Lair.
 10223 | D:9      | Found a shattered altar of Ashenzari.
 10306 | D:9      | Paralysed by a hornet for 2 turns
 10488 | D:9      | Found a hazy altar of Hepliaklqana.
 10889 | D:4      | Bought a blackened buckler for 266 gold pieces
 10894 | D:4      | Identified the cursed +0 buckler of Sunlight {SInv} (You
                  | bought it in a shop on level 4 of the Dungeon)
 11078 | Lair:1   | Entered Level 1 of the Lair of Beasts
 11093 | Lair:1   | Found a frozen archway.
 11143 | IceCv    | Entered an ice cave
 11622 | IceCv    | Reached skill level 10 in Fighting
 11666 | IceCv    | Reached skill level 13 in Long Blades
 11939 | IceCv    | Got a warped dagger
 11963 | IceCv    | Reached XP level 12. HP: 96/106 MP: 11/11
 12041 | IceCv    | Noticed a death yak
 12041 | IceCv    | Noticed a death yak
 12066 | IceCv    | Killed a death yak
 12069 | IceCv    | HP: 5/106 [death yak (21)]
 12072 | IceCv    | Slain by a death yak

Levels and vault maps discovered:
D:1:      lemuel_arrival_cross, layout_basic
D:2:      layout_basic, lemuel_crystal_altar, chequers_ecumenical_altar_simple,
          first_ration, elyvilon_altar_3
D:3:      layout_basic, yredelemnul_altar_generic, vehumet_crystals
D:4:      layout_basic, zin_academy, serial_shops, shop,
          kennysheep_pointless_box
D:5:      layout_loops_corners, lemuel_blue_sif_altar
D:6:      layout_cave_pools, marbit_many_paths, minmay_temple_entry_butterflies,
          lemuel_angel_altar, uniq_sigmund, uniq_blork_the_orc
D:7:      layout_loops_ring
D:8:      layout_gridville, bloody_trog, nicolae_gozag_seed_capital,
          kennysheep_mini, uniq_grum
D:9:      layout_irregular_city, nicolae_overflow_hidden_temple,
          lemuel_round_altar
D:10:     layout_loops_ring, lair_entry_dummy, hangedman_fish_farm,
          minmay_hollow_rounded_squares
D:11:     layout_grid_maze, basic_altar, nicolae_transmutations_shop
Lair:1:   layout_regular_city, portal_ice_cave_entry_ice_beasts,
          chequers_serial_rivers_small_a, infiniplex_staircase_pool_2,
          lemuel_fruit_tree
IceCv:    ice_cave_caverns_03

Skill      XL: |  1  2  3  4  5  6  7  8  9 10 11 |
---------------+----------------------------------+-----
Long Blades    | 3 4 5 6 8 10 11 13 | 13.3
Shields        | 4 5 6 8 9 11 | 11.6
Armour         | 4 5 6 7 9 10 11 | 11.4
Fighting       | 4 5 6 7 8 10 | 10.1
Dodging        | 1 2 3 4 5 |  5.6
Stealth        | 1 2 |  2.2
Invocations    | |  0.6
Evocations     | |  0.3

Action                   |  1- 3 |  4- 6 |  7- 9 | 10-12 || total
-------------------------+-------+-------+-------+-------++-------
Melee: Long sword        |    86 |   141 |   311 |    52 ||   590
       Headbutt          |    11 |    27 |    77 |   197 ||   312
       Falchion          |       |       |       |   606 ||   606
Invok: Heroism           |       |       |     2 |     3 ||     5
Evoke: Wand              |       |     1 |     2 |       ||     3
  Use: Potion            |       |     4 |     3 |     3 ||    10
       Scroll            |       |     2 |     3 |     7 ||    12
  Eat: Chunk             |       |     7 |     8 |    16 ||    31
       Ration            |       |       |     1 |     1 ||     2
Armor: Scale mail        |    37 |    52 |    38 |       ||   127
       Chain mail        |       |       |    95 |   268 ||   363
Dodge: Dodged            |    22 |    40 |    86 |   225 ||   373
Block: Shield            |    56 |    73 |   196 |   466 ||   791
       Rpst.: Long sword |     4 |    10 |    23 |     7 ||    44
       Falchion          |       |       |       |    56 ||    56
